 Dungeon Crawl Stone Soup version 0.17.0-17-ge4ba49f (console) character file.

212 Garrluk the Cudgeler (level 5, -2/32 HPs)
             Began as a Gargoyle Berserker on Nov 11, 2015.
             Was a Believer of Trog.
             Slain by Ohli's ghost (10 damage)
             ... on level 4 of the Dungeon.
             The game lasted 00:04:51 (2582 turns).

Garrluk the Cudgeler (Gargoyle Berserker)           Turns: 2582, Time: 00:04:51

Health: -2/32      AC: 12    Str: 21    XL:     5   Next: 90%
Magic:  5/5        EV:  8    Int:  8    God:    Trog [**....]
Gold:   110        SH:  0    Dex:  9    Spells: 0 memorised, 4 levels left

rFire  . . .     SeeInvis +     a - +0 mace
rCold  . . .     Clarity  .     m - +0 chain mail
rNeg   + . .     SustAt   .     (no shield)
rPois  ∞         Gourm    .     (no helmet)
rElec  +         Spirit   .     (no cloak)
rCorr  .         Warding  .     (no gloves)
rMut   .         Stasis   .     (no boots)
MR     .....                    (no amulet)
Stlth  ..........               (no ring)
                                u - ring of see invisible

@: exhausted, slowed, very slow, not resistant to hostile enchantments,
extremely unstealthy
A: negative energy resistance 1, electricity resistance, unbreathing,
petrification resistance, rot immunity, AC +4
a: Berserk, Trog's Hand, Burn Spellbooks, Renounce Religion


You were on level 4 of the Dungeon.
You worshipped Trog.
Trog was pleased with you.
You were near starving.

You visited 1 branch of the dungeon, and saw 4 of its levels.

You collected 110 gold pieces.

Notes
Turn   | Place    | Note
--------------------------------------------------------------
     0 | D:1      | Garrluk the Gargoyle Berserker began the quest for the Orb.
     0 | D:1      | Reached XP level 1. HP: 14/14 MP: 1/1
   181 | D:1      | Reached XP level 2. HP: 12/19 MP: 2/2
   969 | D:2      | Reached skill level 4 in Maces & Flails
   988 | D:2      | Reached XP level 3. HP: 18/23 MP: 3/3
  1050 | D:2      | Reached ** piety under Trog
  1062 | D:2      | Reached XP level 4. HP: 19/28 MP: 4/4
  1608 | D:3      | Reached skill level 5 in Maces & Flails
  1685 | D:3      | Found a shattered altar of Ashenzari.
  2173 | D:3      | Reached XP level 5. HP: 27/32 MP: 5/5
  2222 | D:3      | Noticed an ogre
  2231 | D:3      | Killed an ogre
  2231 | D:3      | Reached skill level 6 in Maces & Flails
  2561 | D:4      | Noticed Ohli's ghost (amateur DsMo)
  2582 | D:4      | Slain by Ohli's ghost

Inventory:

Hand Weapons
 a - a +0 mace (weapon)
Armour
 m - a +0 chain mail (worn)
   (You found it on level 1 of the Dungeon)
Jewellery
 u - a ring of see invisible (left hand)
   (You found it on level 3 of the Dungeon)
Scrolls
 d - 3 scrolls of recharging {unknown}
 e - 4 scrolls of identify {unknown}
 f - 3 scrolls of amnesia {unknown}
 g - a scroll of blinking {unknown}
 h - 4 scrolls of noise {unknown}
 i - a scroll of fear {unknown}
 j - 5 scrolls of remove curse {unknown}
 l - 3 scrolls of teleportation {unknown}
 q - a scroll of enchant weapon {unknown}
Potions
 n - a potion of haste {unknown}
 o - 3 potions of curing {unknown}
 p - a potion of ambrosia {unknown}
 s - a potion of might {unknown}
 t - a potion of agility {unknown}
 v - a potion of heal wounds {unknown}
Comestibles
 b - a slice of pizza
 c - 3 bread rations
 k - 4 meat rations

Table legend:
 A = Turns spent in this place as a percentage of turns spent in the entire game.
 B = Non-inter-level travel turns spent in this place as a percentage of non-inter-level travel turns spent in the entire game.
 C = Inter-level travel turns spent in this place as a percentage of turns spent in this place.
 D = Turns resting spent in this place as a percentage of non-inter-level travel turns spent in this place.
 E = Turns spent auto-exploring this place as a percentage of non-inter-level travel turns spent in this place.
 F = Non-inter-level travel turns spent in this place divided by the number of levels of this place that you've seen.
                   A       B       C       D       E      F
               +-------+-------+-------+-------+-------+----------------------
         Total | 100.0 | 100.0 |   0.7 |   0.0 |  10.9 | 169.0
       Dungeon | 100.0 | 100.0 |   0.7 |   0.0 |  10.9 | 169.0
               +-------+-------+-------+-------+-------+----------------------


   Skills:
 - Level 3.2 Fighting
 * Level 6.4 Maces & Flails
 - Level 2.1 Armour
 - Level 1.5 Dodging


You had 4 spell levels left.
You didn't know any spells.

Dungeon Overview and Level Annotations

Branches:
Dungeon (4/15)
 Temple: D:4-7

Altars:
Ashenzari

Annotations:
D:4 Ohli's ghost, amateur DsMo


Innate Abilities, Weirdness & Mutations

You are resistant to torment.
Your stone body is resilient (AC +4).
You are immune to poison.
You resist negative energy.
You are resistant to electric shocks.
You can survive without breathing.
You are immune to petrification.
You are immune to rotting.


Message History

You hit Ohli's ghost.
Ohli's ghost is severely damaged.
Ohli's ghost barely misses you.
You hit Ohli's ghost.
Ohli's ghost is severely damaged.
You hit Ohli's ghost but do no damage.
Ohli's ghost is severely damaged.
You are no longer berserk.
You are exhausted.
You feel yourself slow down.
You are near starving!
Ohli's ghost hits you but does no damage.
You hit Ohli's ghost but do no damage.
Ohli's ghost is severely damaged.
Ohli's ghost hits you but does no damage.
Ohli's ghost hits you!
* * * LOW HITPOINT WARNING * * *
There is an open door here.
Ohli's ghost hits you!
You die...

.. #....# ....
..###....###....
!......>.........
...................
...................
..................
.................
#..###...##.######
.####'###...##.##...#
........W...........#
........#@..........#
........#...........#
........#...........#
.###...##......##...#
###+ #......##...#
#(.....#....#
#......#....#
#....<.#....#
#......#....#
+......#....#
#......#....#


You could see Ohli's ghost.

Table legend:
 A = Kills in this place as a percentage of kills in entire the game.
 B = Kills by you in this place as a percentage of kills by you in the entire game.
 C = Kills by friends in this place as a percentage of kills by friends in the entire game.
 D = Other kills in this place as a percentage of other kills in the entire game.
 E = Experience gained in this place as a percentage of experience gained in the entire game.
 F = Experience gained in this place divided by the number of levels of this place that you have seen.
                   A       B       C       D       E      F
               +-------+-------+-------+-------+-------+----------------------
         Total | 100.0 | 100.0 |  -nan |  -nan | 100.0 |  76.0
       Dungeon | 100.0 | 100.0 |  -nan |  -nan | 100.0 |  76.0
               +-------+-------+-------+-------+-------+----------------------

Vanquished Creatures
  Monster Symbol All 'K'
  5 kobolds
5 creatures vanquished. All 'O' An ogre (D:3)
1 creature vanquished. All 'S' 6 adders 2 ball pythons
8 creatures vanquished. All 'Z' A jackal zombie (D:4)
1 creature vanquished. All 'b' 2 bats (D:1)
2 creatures vanquished. All 'g' 17 goblins 5 hobgoblins
22 creatures vanquished. All 'h' 10 jackals
10 creatures vanquished. All 'l' 4 giant geckos 2 giant newts
6 creatures vanquished. All 'o' An orc (D:3)
1 creature vanquished. All 'r' 2 quokkas 2 rats
4 creatures vanquished. All 's' 3 giant cockroaches
3 creatures vanquished. All 'w' 3 worms
3 creatures vanquished.
66 creatures vanquished. Monster Nature Natural Monsters An ogre (D:3) 6 adders 3 worms 4 giant geckos An orc (D:3) 2 ball pythons 17 goblins 5 hobgoblins 10 jackals 2 bats (D:1) 3 giant cockroaches 2 giant newts 5 kobolds 2 quokkas 2 rats
65 creatures vanquished. Undead Monsters A jackal zombie (D:4)
1 creature vanquished.
66 creatures vanquished. Ascending Order An ogre (D:3) An orc (D:3) A jackal zombie (D:4) 2 ball pythons 2 bats (D:1) 2 giant newts 2 quokkas 2 rats 3 worms 3 giant cockroaches 4 giant geckos 5 hobgoblins 5 kobolds 6 adders 10 jackals 17 goblins
66 creatures vanquished.

Action                   |  1- 3 |  4- 6 || total
-------------------------+-------+-------++-------
Melee: Mace              |   102 |   183 ||   285
Invok: Berserk           |       |     2 ||     2
  Eat: Chunk             |     1 |     5 ||     6
